[Event "Late-Titled-Tuesday-Blitz-March-05-2024"]
[Site "Chess.com"]
[Date "2024.03.05"]
[Round "1"]
[White "Msb2"]
[Black "N_Mullodzhanov"]
[Result "1-0"]
[WhiteElo "2993"]
[BlackElo "2519"]
[TimeControl "180+1"]
[EndTime "14:04:55 PST"]
[Termination "Msb2 won by checkmate"]

1. d4 Nf6 2. c4 g6 3. Nc3 Bg7 4.
e4 d6 5. Nf3 O-O 6. Be2 e5 7. Be3 Ng4 8. Bg5 f6 9. Bh4 Nc6 10. d5 Ne7 11. Nd2 f5 12. Bxg4 fxg4 13. Bg5 a6 14. Be3 Qe8 15. c5 h6 16. cxd6 cxd6 17.
Nc4 Rf6 18. Nb6 Rb8 19. Nxc8 Qxc8 20. Rc1 Qd7 21. O-O b5 22. Ne2 g5 23. Qc2 Rc8 24.
Qd2 Rxc1 25. Rxc1 Ng6 26. Qc2 Nf4 27. Ng3 h5 28. Qc8+ Qxc8 29. Rxc8+ Bf8 30. Nf5 h4 31.
Rc6 a5 32. g3 Nxd5 33. Bxg5 Rxf5 34. exf5 hxg3 35. hxg3 Nb4 36. Rc8 Kf7 37. Rc7+ Ke8 38. f6 Kd8 39. Rf7 Ke8 40. Ra7 Kd8 41. f7+ Kc8 42. Ra8+ Kd7 43. Rxf8 Ke6 44. a3 Nd3 45. Rb8 Kxf7 46. Rxb5 a4 47. b3 axb3 48. Rxb3 Ne1 49. a4 Ke6 50. a5 d5 51. a6 d4 52. a7 Nf3+ 53. Rxf3 gxf3 54. a8=Q d3 55. Qxf3 d2 56.
Bxd2 Kd6 57. Qe4 Kc5 58. f3 Kb5 59. Kg2 Kc5 60. Kh2 Kb5 61. Kh1 Kc5 62. Be1 Kb5 63. Bf2 Ka5 64. Kg2 Kb5 65. Kf1 Ka5 66. Ke2 Kb5 67. Kd1 Ka5 68. Kc2 Kb5 69. Kb1 Ka5 70. Ka2 Kb5 71. Kb3 Ka5 72. g4 Kb5 73. g5 Ka5 74. g6 Kb5 75. g7 Ka5 76. Qxe5+ Ka6 77.
Qe6+ Kb7 78. Qd7+ Ka6 79. Qc6+ Ka5 80. Be1# 1-0

[Event "Late-Titled-Tuesday-Blitz-March-05-2024"]
[Site "Chess.com"]
[Date "2024.03.05"]
[Round "1"]
[White "BeanScreen"]
[Black "cthulhuuu"]
[Result "1-0"]
[WhiteElo "2736"]
[BlackElo "2439"]
[TimeControl "180+1"]
[EndTime "14:04:55 PST"]
[Termination "BeanScreen won by checkmate"]

1. e4 d6 2. d4 Nf6 3. Nc3 c6 4.
f4 Qb6 5. h3 e5 6. Nf3 Nbd7 7. Bc4 exd4 8. Nxd4 d5 9. exd5 cxd5 10. Qe2+ Kd8 11. Be3 dxc4 12. O-O-O Qa5 13. Qxc4 a6 14.
Qxf7 Bb4 15. Ne6# 1-0

[Event "Late-Titled-Tuesday-Blitz-March-05-2024"]
[Site "Chess.com"]
[Date "2024.03.05"]
[Round "1"]
[White "TenisMaster"]
[Black "secretsuperstar7"]
[Result "1-0"]
[WhiteElo "2878"]
[BlackElo "2499"]
[TimeControl "180+1"]
[EndTime "14:05:02 PST"]
[Termination "TenisMaster won by resignation"]

1. e4 c5 2. Nf3 Nc6 3. Bb5 g6 4. O-O Bg7 5. c3 Nf6 6. Re1 O-O 7. d4 cxd4 8. cxd4 d6 9. h3 a6 10. Ba4 b5 11. Bb3 Bb7 12. Nc3 Rc8 13. a3 Na5 14. Bc2 Nc4 15. Bd3 Qb6 16. Qe2 Qa5 17. a4 b4 18. Bxc4 bxc3 19. Bd3 cxb2 20. Bxb2 Bc6 21.
Bxa6 Ra8 22. Bd3 Rfb8 23. d5 Bxa4 24. Bd4 Qd8 25. Qd2 Bb5 26. Rxa8 Bxd3 27. Rxb8 Qxb8 28. Qxd3 Qb4 29. Rb1 Qa4 30. Rb8+ Ne8 31. Bxg7 Kxg7 32. Qd4+ Nf6 33. Qxa4 1-0

[Event "Late-Titled-Tuesday-Blitz-March-05-2024"]
[Site "Chess.com"]
[Date "2024.03.05"]
[Round "1"]
[White "TheKingDoctor"]
[Black "xhembulla"]
[Result "0-1"]
[WhiteElo "2361"]
[BlackElo "2649"]
[TimeControl "180+1"]
[EndTime "14:05:05 PST"]
[Termination "xhembulla won by resignation"]

1. e4 e5 2. Nf3 Nc6 3. d4 exd4 4. Nxd4 Nf6 5. Nxc6 bxc6 6. Bd3 d5 7. exd5 cxd5 8. O-O Be7 9. Nc3 O-O 10. Qf3 Rb8 11.
b3 Rb6 12. Bb2 Bb7 13. Na4 Re6 14. Rfe1 Ne4 15. Rad1 Qe8 16. Qg4 Rg6 17. Qh3 Bc8 18.
Qe3 Bg5 19. f4 Bh4 20. Rf1 Bg4 21. Be2 Bxe2 22. Qxe2 Qc6 23. Qh5 Rh6 24. Qxd5 Qxc2 25. Bd4 Rg6 26. g4 Rxg4+ 0-1

[Event "Late-Titled-Tuesday-Blitz-March-05-2024"]
[Site "Chess.com"]
[Date "2024.03.05"]
[Round "1"]
[White "dimoni64"]
[Black "GM4life"]
[Result "0-1"]
[WhiteElo "1952"]
[BlackElo "2537"]
[TimeControl "180+1"]
[EndTime "14:05:06 PST"]
[Termination "GM4life won by resignation"]

1. d4 Nf6 2. c4 e6 3. Nc3 d5 4. cxd5 exd5 5. Bg5 Be7 6. e3 c6 7. Bd3 O-O 8. Qc2 Nbd7 9. Nf3 Re8 10. O-O h6 11.
Bh4 Ne4 12. Bxe7 Qxe7 13. Nd2 Ndf6 14. f3 Nxd2 15. Qxd2 Qxe3+ 16. Qxe3 Rxe3 17. Bc2 Bd7 18. Rae1 Rxe1 19. Rxe1 Kf8 20. Kf2 Re8 21. Re5 Rxe5 22. dxe5 Ne8 23. Ne2 Nc7 24. f4 c5 25. h3 Bc6 26. g4 d4 27. f5 Ke7 28. Nf4 Nd5 29.
Nd3 b6 30. Bb3 Ne3 31. a3 a5 32. Ba2 c4 33. Nf4 b5 34. Nh5 g6 35. f6+ Ke6 36.
Ng3 Kxe5 0-1

[Event "Late-Titled-Tuesday-Blitz-March-05-2024"]
[Site "Chess.com"]
[Date "2024.03.05"]
[Round "1"]
[White "NCchamp"]
[Black "CrushingKings"]
[Result "1-0"]
[WhiteElo "2327"]
[BlackElo "2598"]
[TimeControl "180+1"]
[EndTime "14:05:07 PST"]
[Termination "NCchamp won by resignation"]

1. d4 g6 2. e4 Bg7 3. f4 c6 4. Nf3 d5 5. e5 Nh6 6. Bd3 Bg4 7. O-O O-O 8. Be3 f6 9. h3 Bxf3 10. Rxf3 fxe5 11. fxe5 e6 12. c3 Nd7 13. Nd2 Qh4 14. Qe2 Rxf3 15. Nxf3 Qh5 16. Ng5 Qxe2 17. Bxe2 Nf5 18. Bf2 Nf8 19. g4 Nh6 20. b4 Nf7 21. Nxf7 Kxf7 22. a4 Bh6 23. h4 Bd2 24. Be1 Be3+ 25.
Bf2 Bd2 26. Be1 Bf4 27. Kg2 Kg7 28. Bg3 Bd2 29. Be1 Be3 30. Kf3 1-0

[Event "Late-Titled-Tuesday-Blitz-March-05-2024"]
[Site "Chess.com"]
[Date "2024.03.05"]
[Round "1"]
[White "AlexeiShirov"]
[Black "ATM622"]
[Result "1-0"]
[WhiteElo "2864"]
[BlackElo "2496"]
[TimeControl "180+1"]
[EndTime "14:05:08 PST"]
[Termination "AlexeiShirov won by resignation"]

1. e4 c6 2. d4 d5 3. e5 Bf5 4. h4 h5 5. Bd3 Bxd3 6. Qxd3 e6 7. Nf3 Nd7 8. O-O Ne7 9. Bg5 Qb6 10. c4 dxc4 11. Qxc4 Nd5 12. Nc3 Qxb2 13. Nxd5 exd5 14. Qd3 Qb5 15. Qf5 g6 16. Qf4 Qd3 17. e6 fxe6 18.
Rfe1 Qf5 19. Qc7 Bb4 20. Qxb7 Rb8 21. Qxc6 Bxe1 22. Rxe1 O-O 23. Qxd7 Qf7 24. Qxe6 Qxe6 25. Rxe6 Kf7 26. Ra6 Rb1+ 27. Kh2 Rc8 28. Ne5+ Ke8 29. Rxg6 Kf8 30. Bf6 Rcc1 31. Rh6 1-0

[Event "Late-Titled-Tuesday-Blitz-March-05-2024"]
[Site "Chess.com"]
[Date "2024.03.05"]
[Round "1"]
[White "morte-negra"]
[Black "GlavkonVVS"]
[Result "0-1"]
[WhiteElo "2049"]
[BlackElo "2544"]
[TimeControl "180+1"]
[EndTime "14:05:08 PST"]
[Termination "GlavkonVVS won by resignation"]

1. e4 Nf6 2. e5 Nd5 3. d4 d6 4. c4 Nb6 5. f4 dxe5 6. fxe5 c5 7.
d5 g6 8. Nc3 Bg7 9. Bf4 O-O 10.
Be2 e6 11. Nf3 exd5 12. cxd5 Bg4 13. O-O N8d7 14. Qe1 Bxf3 15. Bxf3 Nxe5 16. Bxe5 Re8 17. Bxg7 Rxe1 18. Raxe1 Kxg7 19. Bg4 f5 20. Bf3 Qf6 21. Re6 Qd4+ 22. Kh1 Rf8 23. Rfe1 Rf7 24. g3 Nc4 25. Bg2 a6 26. Na4 Nxb2 27. Nb6 Nd3 28. Rf1 c4 29. d6 Qxb6 0-1

[Event "Late-Titled-Tuesday-Blitz-March-05-2024"]
[Site "Chess.com"]
[Date "2024.03.05"]
[Round "1"]
[White "ProChessWICTH"]
[Black "rickywsb"]
[Result "1-0"]
[WhiteElo "2637"]
[BlackElo "2340"]
[TimeControl "180+1"]
[EndTime "14:05:11 PST"]
[Termination "ProChessWICTH won by resignation"]

1. d4 d5 2. c4 c6 3. Nc3 Nf6 4.
Bg5 Ne4 5. Nxe4 dxe4 6. Qd2 h6 7. Bh4 Bf5 8. e3 Nd7 9. h3 Nf6 10. g4 Bh7 11. Bg2 e5 12. Ne2 exd4 13. exd4 Be7 14.
Nc3 O-O 15. O-O Re8 16. Rfe1 g5 17. Bg3 Bd6 18. Rad1 Bxg3 19. fxg3 Qd6 20. Qe3 Rad8 21. Re2 Re7 22. Rf2 Kg7 23. Rdf1 Ne8 24. d5 Nc7 25. c5 Qe5 26. d6 1-0

[Event "Late-Titled-Tuesday-Blitz-March-05-2024"]
[Site "Chess.com"]
[Date "2024.03.05"]
[Round "1"]
[White "Penafiel-Josselyne02"]
[Black "HajiyevKanan"]
[Result "0-1"]
[WhiteElo "2045"]
[BlackElo "2542"]
[TimeControl "180+1"]
[EndTime "14:05:11 PST"]
[Termination "HajiyevKanan won by resignation"]

1. d4 d5 2. c4 c6 3. cxd5 cxd5 4. Bf4 Nc6 5. Nc3 Nf6 6. e3 Qb6 7. Qb3 Qxb3 8. axb3 Bf5 9. Nb5 Kd7 10. Nf3 e6 11. Ne5+ Nxe5 12. Bxe5 Bb4+ 13. Kd1 Rhc8 14. f3 Rc2 15. Nc3 Rxb2 16. Bb5+ Kd8 17. Rc1 a6 18. Bc7+ Ke7 19. g4 axb5 20. gxf5 Rc8 21.
Nxb5 Rd2+ 22. Ke1 Rxh2+ 23. Kd1 Rxh1+ 24. Kc2 Rxc1+ 25. Kxc1 Ne8 26. fxe6 0-1

[Event "Late-Titled-Tuesday-Blitz-March-05-2024"]
[Site "Chess.com"]
[Date "2024.03.05"]
[Round "1"]
[White "trriinu"]
[Black "maximnovik"]
[Result "0-1"]
[WhiteElo "2235"]
[BlackElo "2587"]
[TimeControl "180+1"]
[EndTime "14:05:16 PST"]
[Termination "maximnovik won by resignation"]

1. e4 c6 2. Nc3 d5 3. Nf3 Bg4 4. h3 Bxf3 5. Qxf3 e6 6. g4 Nf6 7. e5 Nfd7 8. d4 c5 9. Be3 Nc6 10. Qf4 g5 11. Qxg5 cxd4 12. Qxd8+ Rxd8 13. Bg5 dxc3 14. Bxd8 cxb2 15. Rb1 Kxd8 16. Rxb2 Kc7 17. f4 Bc5 18.
Bd3 a6 19. Rf1 b5 20. Kd2 Nb6 21. Rbb1 Nc4+ 22. Ke1 h6 23. Kd1 0-1

[Event "Late-Titled-Tuesday-Blitz-March-05-2024"]
[Site "Chess.com"]
[Date "2024.03.05"]
[Round "1"]
[White "SEBAZZANO"]
[Black "rynos0411"]
[Result "0-1"]
[WhiteElo "2320"]
[BlackElo "2626"]
[TimeControl "180+1"]
[EndTime "14:05:18 PST"]
[Termination "rynos0411 won on time"]

1. d4 Nf6 2. Bf4 e6 3. e3 b6 4. c3 Bb7 5. Nd2 d6 6. Ngf3 Nbd7 7. h3 g6 8. Bd3 Bg7 9. O-O O-O 10. e4 Qe7 11. Qe2 e5 12. Bg5 h6 13. Bh4 Rfe8 14. d5 a5 15. Bb5 g5 16. Bg3 Rf8 17. Nh2 Bc8 18. Ng4 Nxg4 19. hxg4 Nf6 20. f3 h5 21.
gxh5 Nxh5 22. Bh2 Nf4 23. g3 Ng6 24. Kg2 f5 25. exf5 Bxf5 26. Bd3 Qf7 27. Bxf5 Qxf5 28.
Ne4 a4 29. a3 Ra5 30. Rad1 Bh6 31. Bg1 Kg7 32. Bf2 Ne7 33. Rh1 Rxd5 34. Rxd5 Nxd5 0-1

[Event "Late-Titled-Tuesday-Blitz-March-05-2024"]
[Site "Chess.com"]
[Date "2024.03.05"]
[Round "1"]
[White "Sinquefield"]
[Black "kleinebeer98"]
[Result "0-1"]
[WhiteElo "2499"]
[BlackElo "2887"]
[TimeControl "180+1"]
[EndTime "14:05:22 PST"]
[Termination "kleinebeer98 won by resignation"]

1. d4 Nf6 2. Nf3 Nc6 3. Bg5 e6 4. Nbd2 h6 5. Bh4 g5 6. Bg3 Bg7 7. e3 d6 8. c3 Qe7 9. Bd3 e5 10. dxe5 dxe5 11. Ne4 Nxe4 12. Bxe4 f5 13. Bxc6+ bxc6 14. Qa4 O-O 15. h4 f4 16. Bh2 g4 17. Nd2 g3 18. fxg3 fxe3 19. Nf3 e4 20. Nd4 c5 21. Qc4+ Kh7 22. Ne2 Bg4 23. Rf1 Rxf1+ 24. Kxf1 Rf8+ 25. Nf4 e2+ 26. Kg1 Rb8 27. b3 Rb4 28. Qa6 Qf6 29. Qxf6 Bxf6 30. cxb4 Bd4+ 31. Kh1 Bxa1 32.
Nxe2 Bxe2 33. bxc5 Bd4 34. Bg1 Bxg1 35. Kxg1 e3 36. b4 h5 37. a4 Kg6 38. b5 Kf5 39. c6 Kg4 40. Kh2 Bxb5 41. axb5 e2 42. b6 axb6 43. Kg1 e1=B 44. Kh2 Bxg3+ 45. Kh1 b5 46.
Kg1 Kf4 47. Kf1 Ke3 48. Kg1 b4 49. Kh1 b3 50. Kg1 b2 51. Kh1 b1=B 52. Kg1 Be4 53.
Kh1 Bxc6 54. Kg1 Bxh4 55. Kh1 Bg3 56. Kg1 Be4 57. Kh1 c5 58. Kg1 c4 0-1

[Event "Late-Titled-Tuesday-Blitz-March-05-2024"]
[Site "Chess.com"]
[Date "2024.03.05"]
[Round "1"]
[White "stepanosinovsky"]
[Black "fandebobbyfischer"]
[Result "0-1"]
[WhiteElo "2387"]
[BlackElo "2666"]
[TimeControl "180+1"]
[EndTime "14:05:23 PST"]
[Termination "fandebobbyfischer won by resignation"]

1. Nf3 Nf6 2. g3 g6 3. Bg2 Bg7 4. O-O O-O 5. Re1 d6 6. e4 c5 7. e5 dxe5 8. Nxe5 Nfd7 9. Nc4 Nb6 10. Nxb6 Qxb6 11. Rxe7 Nc6 12. Re1 Bxb2 13. Bxb2 Qxb2 14. Nc3 Nd4 15. Be4 Rb8 16. Na4 Qa3 17. c3 Bd7 18.
cxd4 Bxa4 19. Qc1 Qxc1 20. Rexc1 cxd4 21. Rc7 Rfd8 22. Bxb7 Rd7 23. Rac1 Rxb7 24. Rc8+ Kg7 0-1

[Event "Late-Titled-Tuesday-Blitz-March-05-2024"]
[Site "Chess.com"]
[Date "2024.03.05"]
[Round "1"]
[White "Josetricks"]
[Black "sonson28291"]
[Result "1-0"]
[WhiteElo "2590"]
[BlackElo "2266"]
[TimeControl "180+1"]
[EndTime "14:05:23 PST"]
[Termination "Josetricks won by resignation"]

1. d4 Nf6 2. Nc3 d5 3. Bf4 Bf5 4. e3 c6 5. Nf3 Nbd7 6. Ne5 e6 7.
f3 Nxe5 8. dxe5 Nd7 9. g4 Bg6 10. h4 h5 11. Bd3 Bxd3 12. cxd3 Qb6 13. Qd2 Be7 14. g5 g6 15. Kf2 d4 16. Ne4 dxe3+ 17. Bxe3 Qc7 18. d4 c5 19. Rac1 b6 20. Rhd1 O-O 21. Nf6+ Bxf6 22. gxf6 Rfd8 23. Kg2 Rac8 24.
Bf2 Kh7 25. Qg5 Qb7 26. Be3 1-0

[Event "Late-Titled-Tuesday-Blitz-March-05-2024"]
[Site "Chess.com"]
[Date "2024.03.05"]
[Round "1"]
[White "Qvalda"]
[Black "MightyGMpretender"]
[Result "0-1"]
[WhiteElo "2448"]
[BlackElo "2759"]
[TimeControl "180+1"]
[EndTime "14:05:24 PST"]
[Termination "MightyGMpretender won on time"]

1. d4 Nf6 2. c4 g6 3. Nf3 Bg7 4. e3 O-O 5. Be2 d6 6. O-O Nc6 7. Nc3 e5 8. Qc2 Bf5 9. e4 Bg4 10. d5 Bxf3 11. Bxf3 Nd4 12. Qd3 Nd7 13. Bd1 Nc5 14.
Qd2 a5 15. b3 f5 16. Re1 f4 17. Bg4 h5 18. Bh3 g5 19. Be6+ Kh7 20. Bb2 g4 21. Ne2 Ndxe6 22. dxe6 Nxe6 23. Nc3 f3 24. g3 Bh6 25.
Qd5 Qc8 26. Nb5 c6 27. Qxd6 cxb5 28. cxb5 Nd4 29. Qxe5 Ne2+ 30. Rxe2 fxe2 31. Re1 Qe8 32. Qc7+ Rf7 33. Qc3 Qxe4 34. b6 Raf8 35. Ba3 Qg2+ 36.
Kxg2 Rxf2+ 37. Kg1 Rf1+ 0-1

[Event "Late-Titled-Tuesday-Blitz-March-05-2024"]
[Site "Chess.com"]
[Date "2024.03.05"]
[Round "1"]
[White "ninguno46"]
[Black "Fandorine"]
[Result "0-1"]
[WhiteElo "2509"]
[BlackElo "2918"]
[TimeControl "180+1"]
[EndTime "14:05:25 PST"]
[Termination "Fandorine won by resignation"]

1. e4 e5 2. Nf3 Nc6 3. d4 exd4 4. Bc4 Nf6 5. e5 Ng4 6. Qe2 Qe7 7. Bf4 d6 8. exd6 Qxe2+ 9. Bxe2 Bxd6 10. Bxd6 cxd6 11. Nbd2 Bf5 12. Nb3 Bxc2 13. Nfxd4 Bxb3 14. Nb5 Be6 15. Nc7+ Ke7 16. Nxa8 Rxa8 17. h3 Nf6 18. Rc1 d5 19. a3 Kd6 20. O-O Nd4 21. Bd3 Rc8 22. Rxc8 Bxc8 23. Rc1 Bd7 24. f3 h6 25. Kf2 Ne6 26. g3 Nc5 27. Bc2 g5 28. g4 Ne6 29.
Rh1 d4 30. h4 Nd5 31. hxg5 hxg5 32. Be4 Bc6 33. Rh7 Nf6 34. Rxf7 Nxe4+ 35. fxe4 Bxe4 36. Ke2 a5 37. Kd2 b6 38. b4 axb4 39. axb4 b5 40. Rf6 Bd5 41. Rf5 Bc4 42. Rf6 Ke5 43. Rf5+ Ke4 44. Rf7 d3 45. Rf6 Nd4 46. Kc3 Nf3 47. Rf8 d2 48. Re8+ Kf4 0-1

[Event "Late-Titled-Tuesday-Blitz-March-05-2024"]
[Site "Chess.com"]
[Date "2024.03.05"]
[Round "1"]
[White "Rutricks"]
[Black "TheoSlade"]
[Result "1-0"]
[WhiteElo "2709"]
[BlackElo "2418"]
[TimeControl "180+1"]
[EndTime "14:05:29 PST"]
[Termination "Rutricks won by checkmate"]

1. Nc3 d5 2. d4 Nf6 3. Bf4 e6 4.
f3 Bb4 5. Qd2 c5 6. e3 cxd4 7.
exd4 Nc6 8. a3 Bd6 9. O-O-O O-O 10. g4 Bxf4 11. Qxf4 a6 12. g5 Ne8 13. Na4 f6 14. gxf6 Qxf6 15. Qg3 Nxd4 16. Nb6 Nf5 17. Qf4 e5 18. Qb4 Rb8 19. Nxd5 Qg5+ 20. Kb1 Nf6 21. Nc7 Nd4 22. Bc4+ Kh8 23. Qxf8+ Ng8 24. Qxg8# 1-0

[Event "Late-Titled-Tuesday-Blitz-March-05-2024"]
[Site "Chess.com"]
[Date "2024.03.05"]
[Round "1"]
[White "crazyluzhinTh3"]
[Black "shirovin"]
[Result "1-0"]
[WhiteElo "2545"]
[BlackElo "2054"]
[TimeControl "180+1"]
[EndTime "14:05:29 PST"]
[Termination "crazyluzhinTh3 won on time"]

1. e4 c5 2. Nf3 d6 3. Bc4 Nf6 4. Qe2 e6 5. Bb3 Be7 6. O-O O-O 7. c3 Nc6 8. d4 cxd4 9. cxd4 d5 10. e5 Ne4 11. Nc3 Nxc3 12. bxc3 Bd7 13. Bc2 Na5 14. Qd3 g6 15. Qe3 Re8 16. h4 Nc4 17. Qf4 Bf8 18. h5 Rc8 19. hxg6 fxg6 20. Ng5 Qe7 21. Qg4 b5 22. g3 b4 23. cxb4 Nxe5 24. dxe5 Rxc2 25. Bf4 Bg7 26. a3 Rec8 27. Nf3 R8c4 28. Rfd1 Re4 29. Rac1 Ree2 30. Nd4 Rxc1 31. Rxc1 Rb2 32. Rc7 Qe8 33.
Rxa7 Rb1+ 34. Kg2 h6 35. Be3 1-0

[Event "Late-Titled-Tuesday-Blitz-March-05-2024"]
[Site "Chess.com"]
[Date "2024.03.05"]
[Round "1"]
[White "Agibileg"]
[Black "carloseduar100"]
[Result "1-0"]
[WhiteElo "2650"]
[BlackElo "2364"]
[TimeControl "180+1"]
[EndTime "14:05:30 PST"]
[Termination "Agibileg won by checkmate"]

1. d4 d5 2. c4 e5 3. cxd5 Qxd5 4. e3 exd4 5. exd4 Nc6 6. Nf3 Bg4 7. Nc3 Bb4 8. Be2 Nf6 9. O-O Qh5 10. h3 Bxh3 11. gxh3 Qxh3 12. Ng5 Qh4 13. Bf3 Bd6 14. Re1+ Ne7 15. Qa4+ Kf8 16. Qc4 Ke8 17. Qxf7+ Kd7 18. Qe6+ Ke8 19. Bxb7 Ng4 20. Bc6+ Kf8 21. Qf7# 1-0

[Event "Late-Titled-Tuesday-Blitz-March-05-2024"]
[Site "Chess.com"]
[Date "2024.03.05"]
[Round "1"]
[White "vladoboch"]
[Black "SnekkerAndersen"]
[Result "1-0"]
[WhiteElo "2438"]
[BlackElo "2698"]
[TimeControl "180+1"]
[EndTime "14:05:38 PST"]
[Termination "vladoboch won by resignation"]

1. e4 e6 2. d4 d5 3. e5 c5 4. c3 Nc6 5. Nf3 Bd7 6. Bd3 Qb6 7.
O-O cxd4 8. Re1 Bc5 9. b4 Be7 10. a3 Nh6 11. Bb2 dxc3 12. Nxc3 Rc8 13. Rc1 g6 14. Qd2 Nf5 15. Bxf5 gxf5 16. Nxd5 Qd8 17. Nf6+ Bxf6 18. exf6 Rg8 19. Qh6 e5 20. Nxe5 Nxe5 21.
Rxe5+ Be6 22. Rce1 Rc6 23. Qxh7 Rf8 24. b5 Rd6 25.
Bc3 Kd7 26. Bb4 Rh8 27. Rxe6 Rxh7 28. Rxd6+ Kc8 29. Rxd8+ Kxd8 30. Re7 Rh4 31. Rxf7 Re4 32. g3 f4 33. gxf4 Re7 34. Rg7 Rf7 35. Rxf7 1-0

[Event "Late-Titled-Tuesday-Blitz-March-05-2024"]
[Site "Chess.com"]
[Date "2024.03.05"]
[Round "1"]
[White "ACollins05"]
[Black "MaiqMaster"]
[Result "0-1"]
[WhiteElo "2597"]
[BlackElo "2325"]
[TimeControl "180+1"]
[EndTime "14:05:40 PST"]
[Termination "MaiqMaster won by checkmate"]

1. d4 d5 2. c4 e6 3. Nf3 Nf6 4. g3 Bb4+ 5. Nbd2 dxc4 6. Bg2 b5 7. Ne5 Nd5 8. O-O O-O 9. a4 c6 10. Ndf3 Bb7 11. b3 cxb3 12. Qxb3 a6 13. Nd3 Be7 14.
Ba3 Bxa3 15. Qxa3 Nd7 16. Nc5 Nxc5 17. Qxc5 Qe7 18. Rfc1 Qxc5 19. Rxc5 Rfd8 20. Ne5 Rac8 21. Rac1 b4 22. Nxc6 Bxc6 23. Rxc6 Rxc6 24. Rxc6 Rb8 25. Bxd5 exd5 26. Kf1 b3 27. Rc1 Kf8 28. Ke1 Ke7 29. Kd2 Rb4 30. Kc3 Rc4+ 31. Kb2 Kd6 32. e3 a5 33. Rc3 Rxa4 34. Rxb3 Kc6 35. Rc3+ Rc4 36.
Ra3 Kb5 37. h4 a4 38. Ra1 Kb4 39. h5 h6 40. Rh1 Rc3 41. Rh4 a3+ 42. Ka2 Rc2+ 43.
Kb1 Rxf2 44. Rg4 a2+ 45. Ka1 Kb3 46. Rxg7 Rf1# 0-1

[Event "Late-Titled-Tuesday-Blitz-March-05-2024"]
[Site "Chess.com"]
[Date "2024.03.05"]
[Round "1"]
[White "aranibos"]
[Black "prime-morty"]
[Result "0-1"]
[WhiteElo "2286"]
[BlackElo "2603"]
[TimeControl "180+1"]
[EndTime "14:05:46 PST"]
[Termination "prime-morty won by resignation"]

1. d4 Nf6 2. Nf3 e6 3. Bg5 c5 4. e3 h6 5. Bxf6 Qxf6 6. c3 Nc6 7. Nbd2 d5 8. Bd3 Bd6 9. O-O O-O 10. e4 cxd4 11.
cxd4 Nxd4 12. Nxd4 Qxd4 13. Nf3 Qf6 14. Qe2 dxe4 15. Qxe4 g6 16. Qe2 Rd8 17. Rad1 Bf8 18. Be4 Bg7 19. Rxd8+ Qxd8 20. Rd1 Qc7 21. Qd2 f5 22.
Bb1 b6 23. Rc1 Qd7 24. Qe2 Bb7 25. Ne5 Qd5 26. f4 Qd4+ 27. Kf1 Qxf4+ 28. Nf3 Qxc1+ 0-1

[Event "Late-Titled-Tuesday-Blitz-March-05-2024"]
[Site "Chess.com"]
[Date "2024.03.05"]
[Round "1"]
[White "Bala-Afiada"]
[Black "TokChess"]
[Result "0-1"]
[WhiteElo "1876"]
[BlackElo "2536"]
[TimeControl "180+1"]
[EndTime "14:05:47 PST"]
[Termination "TokChess won by resignation"]

1. d4 d5 2. c4 c6 3. Nf3 Nf6 4. Qc2 dxc4 5. Qxc4 Bf5 6. Nbd2 e6 7. g3 Nbd7 8. Bg2 Be7 9. O-O O-O 10. Nh4 Bg4 11.
h3 Bh5 12. e4 Nb6 13. Qc2 Qxd4 14. g4 Bg6 15. Nxg6 hxg6 16. Nb3 Qc4 17. Qxc4 Nxc4 18. e5 Nxe5 19. Bf4 Nd3 20. Bg5 Rfd8 21. f4 Kf8 22.
f5 gxf5 23. gxf5 e5 24. Na5 Rab8 25. b3 Nd5 26. Bxe7+ Kxe7 27. Rad1 N5f4 28. Rf3 Kf6 29. Nc4 Nxg2 30. Kxg2 Nf4+ 31. Rxf4 Rxd1 0-1

[Event "Late-Titled-Tuesday-Blitz-March-05-2024"]
[Site "Chess.com"]
[Date "2024.03.05"]
[Round "1"]
[White "xasid81"]
[Black "LUISMIGUELOV"]
[Result "1-0"]
[WhiteElo "2566"]
[BlackElo "2169"]
[TimeControl "180+1"]
[EndTime "14:05:50 PST"]
[Termination "xasid81 won by resignation"]

1. e4 c6 2. d4 d5 3. Nc3 dxe4 4. Nxe4 Bf5 5. Ng3 Bg6 6. h4 h6 7. h5 Bh7 8. Nf3 Nd7 9. Bd3 Bxd3 10. Qxd3 e6 11.
c3 Ngf6 12. Bf4 Nd5 13. Bd2 Bd6 14. Ne4 Be7 15. a3 N7f6 16. c4 Nxe4 17. Qxe4 Nf6 18.
Qc2 Qc7 19. O-O-O O-O-O 20. Bc3 Rhe8 21. Ne5 Bd6 22. f4 Re7 23. Qe2 Bxe5 24. dxe5 Rxd1+ 25. Rxd1 Nd7 26. g4 Nb6 27. Rd6 Rd7 28. Qd3 Kd8 29. Ba5 c5 30. Kc2 Ke7 31. Rxd7+ Qxd7 32. Bxb6 axb6 33.
Qxd7+ Kxd7 34. Kb3 g6 35. Kc3 Kc6 36. a4 Kc7 37. g5 hxg5 38. h6 1-0

[Event "Late-Titled-Tuesday-Blitz-March-05-2024"]
[Site "Chess.com"]
[Date "2024.03.05"]
[Round "1"]
[White "KuzubovYuriy"]
[Black "liwadas82"]
[Result "1-0"]
[WhiteElo "2948"]
[BlackElo "2516"]
[TimeControl "180+1"]
[EndTime "14:05:52 PST"]
[Termination "KuzubovYuriy won by resignation"]

1. d4 Nf6 2. Nf3 e6 3. c4 Bb4+ 4. Bd2 Qe7 5. g3 Nc6 6. Nc3 Bxc3 7. Bxc3 Ne4 8. Rc1 d6 9. d5 Nxc3 10. Rxc3 Nd8 11. dxe6 Nxe6 12. Bg2 O-O 13. O-O Bd7 14. Nd4 c6 15. Nf5 Qf6 16. Nxd6 Rab8 17. Ne4 Qe7 18. Qd6 Qxd6 19. Nxd6 Rfd8 20. c5 Kf8 21.
Rfc1 Ke7 22. e3 Nxc5 23. Nxf7 Kxf7 24. Rxc5 Be6 25. Be4 g6 26. Kg2 Rd2 27. R1c2 Rbd8 28. b3 Rxc2 29. Rxc2 Bd5 30. Bxd5+ Rxd5 31. f4 Rd1 32. g4 Ke6 33. Kf3 Rf1+ 34. Rf2 Rc1 35. h4 c5 36. Rh2 b5 37. h5 c4 38. bxc4 bxc4 39. hxg6 hxg6 40. Ke4 c3 41. Kd3 Rg1 42. g5 Rc1 43. Rc2 Re1 44. Rxc3 Kd5 45. e4+ Kd6 46. Ra3 Rd1+ 47. Kc4 Rf1 48. Ra6+ Kc7 49. Rxa7+ Kb6 50.
Rf7 Rc1+ 51. Kd5 Rc5+ 52. Kd4 Rc2 53. Rf6+ Kb5 54. Rxg6 1-0

[Event "Late-Titled-Tuesday-Blitz-March-05-2024"]
[Site "Chess.com"]
[Date "2024.03.05"]
[Round "1"]
[White "WindWhistler11"]
[Black "zano2023"]
[Result "1-0"]
[WhiteElo "2549"]
[BlackElo "2114"]
[TimeControl "180+1"]
[EndTime "14:05:52 PST"]
[Termination "WindWhistler11 won on time"]

1. Nf3 d5 2. d3 Nf6 3. Nbd2 Bg4 4. e4 e6 5. Be2 c6 6. O-O Be7 7. c3 Nbd7 8. Qc2 O-O 9. Re1 h6 10. Bf1 Nb6 11. a4 a5 12. h3 Bh5 13. Ne5 dxe4 14. dxe4 Nbd7 15. Nd3 Bg6 16. Qb3 Qb6 17. Qc2 Nc5 18.
Ne5 Bh7 19. Ndc4 Qc7 20. Bf4 Rfd8 21. Ng6 Qd7 22. Rad1 Qe8 23. Nxe7+ Qxe7 24. Bd6 Rxd6 25. Nxd6 Nfxe4 26. Nxe4 Bxe4 27. Rxe4 Nxe4 28. Qxe4 1-0

[Event "Late-Titled-Tuesday-Blitz-March-05-2024"]
[Site "Chess.com"]
[Date "2024.03.05"]
[Round "1"]
[White "IlanSchnaider"]
[Black "Supelyel"]
[Result "1-0"]
[WhiteElo "2648"]
[BlackElo "2357"]
[TimeControl "180+1"]
[EndTime "14:05:54 PST"]
[Termination "IlanSchnaider won by resignation"]

1. d4 d6 2. e4 Nf6 3. Nc3 Nbd7 4. Nf3 e5 5. Bc4 Be7 6. O-O O-O 7. Re1 c6 8. a4 h6 9. h3 Rb8 10. a5 b5 11. axb6 axb6 12. Bd3 b5 13. Ne2 Qc7 14. Ng3 Nb6 15. c3 Re8 16. Nh4 Bf8 17. Qf3 Nh7 18.
Nhf5 Bxf5 19. Nxf5 Re6 20. Bc2 c5 21. Bb3 c4 22.
Bd1 Rf6 23. Qg3 Rg6 24. Qh4 Ng5 25. Bh5 Re6 26. Bxg5 hxg5 27. Qxg5 g6 28. Bg4 Nd7 29. Ne3 Ree8 30. Nd5 Qd8 31. Qxd8 Rbxd8 32. Bxd7 1-0